 Dungeon Crawl Stone Soup version 0.28-a0-1638-g9123634e07 (webtiles) character file.

Game seed: 1195350719393716038

1126 siradein the Magician (level 8, -3/41 HPs)
             Began as a Deep Elf Hedge Wizard on Jan 26, 2022.
             Blown up by Pikel (17 damage)
             ... with a mindburst bolt
             ... on level 6 of the Dungeon.
             The game lasted 00:22:58 (7182 turns).

siradein the Magician (Deep Elf Hedge Wizard)       Turns: 7182, Time: 00:22:58

Health: -3/41      AC:  6    Str:  7    XL:     8   Next: 13%
Magic:  18/21      EV: 11    Int: 25    God:
Gold:   174        SH:  0    Dex: 14    Spells: 11/22 levels left

rFire   . . .      SeeInvis +   k - +7 hunting sling of Qagi {vorpal, Contam rPois rN++ Int+3}
rCold   + . .      Faith    .   (no shield)
rNeg    + + .      Spirit   .   o - +0 leather armour
rPois   +          Reflect  .   p - +0 helmet
rElec   .          Harm     .   q - +1 cloak {Stlth+}
rCorr   .          Rampage  .   (no gloves)
Will    .....                   (no boots)
Stlth   +++.......              (no amulet)
HPRegen 0.13/turn               c - ring of protection from cold
MPRegen 0.17/turn               A - ring of see invisible

@: no status effects
A: no striking features
a: no special abilities


You were on level 6 of the Dungeon.
You visited 1 branch of the dungeon, and saw 6 of its levels.

You collected 174 gold pieces.

Inventory:

Hand Weapons
 k - the +7 hunting sling of Qagi (weapon) {vorpal, Contam rPois rN++ Int+3}
   (You found it on level 2 of the Dungeon)

   Any ammunition fired from it inflicts extra damage upon your enemies.
   Int:       It affects your intelligence (+3).
   rPois:     It protects you from poison.
   rN:        It greatly protects you from negative energy.
   Contam:    It causes magical contamination when unequipped.
Missiles
 a - 107 stones (quivered ammo)
 m - 24 sling bullets
Armour
 o - a +0 leather armour (worn)
 p - a +0 helmet (worn)
 q - a +1 cloak of stealth (worn)
Jewellery
 c - a ring of protection from cold (left hand)
 A - a ring of see invisible (right hand)
Wands
 d - a wand of polymorph (5)
 r - a wand of flame (9)
Scrolls
 b - a scroll of enchant weapon {unknown}
 f - a scroll of enchant armour {unknown}
 j - 2 scrolls of amnesia {unknown}
 l - a scroll of fog {unknown}
 x - 3 scrolls of vulnerability {unknown}
 y - a scroll of fear {unknown}
 B - a scroll of summoning {unknown}
Potions
 e - a potion of cancellation
 g - a potion of might
 h - 2 potions of curing
 i - a potion of berserk rage
 n - 2 potions of flight {unknown}
 s - a potion of lignification {unknown}
 t - 4 potions of degeneration {unknown}
 u - a potion of magic {unknown}
 v - a potion of mutation {unknown}
 w - a potion of invisibility {unknown}
 z - 2 potions of brilliance {unknown}


   Skills:
 - Level 2.4 Dodging
 - Level 2.4 Stealth
 + Level 7.6 Spellcasting
 + Level 5.2 Conjurations
 + Level 5.2 Summonings
 + Level 5.3 Translocations


You had 11 spell levels left.
You knew the following spells:

 Your Spells              Type           Power      Damage    Failure   Level
a - Magic Dart            Conj           100%       1d8       1%          1
b - Blink                 Tloc           72%        N/A       1%          2
c - Call Imp              Summ           35%        N/A       1%          2
d - Conjure Flame         Conj/Fire      22%        6-21      10%         3
e - Mephitic Cloud        Conj/Pois/Air  18%        N/A       14%         3

Your spell library contained the following spells:

 Spells                   Type           Power      Damage    Failure   Level
 Slow                     Hex            36%        N/A       10%         1
 Sublimation of Blood     Necr           9%         N/A       14%         2
 Irradiate                Conj/Tmut      11%        3d17      65%         5
 Petrify                  Tmut/Erth      9%         N/A       67%         4


Dungeon Overview and Level Annotations

Branches:
Dungeon (6/15)
 Temple: D:4-7

Altars:
Hepliaklqana
Yredelemnul
Zin

Shops:
D:3 :[   D:5 (

Annotations:
D:5 1 runed translucent door, dolemite99's ghost, novice DsBe
D:6 Pikel


Message History

You shoot a stone.
The stone hits the howler monkey skeleton!
You destroy the howler monkey skeleton!
HP restored.
a - 108 stones (gained 4)
Found an escape hatch in the ceiling.
t - 3 fizzy cyan potions (gained 1)
B - a scroll labelled VUNYRPH WETA
Found a whip.
Found a rapier.
Found 15 arrows.
t - 4 fizzy cyan potions (gained 1)
You see here 15 arrows.
Pikel, Merchant of Souls comes into view.
He is wielding a +1 whip of freezing and carrying a wand of mindburst (10).
Found a stone staircase leading down.
Pikel shouts!
You hear a shout! x2
Pikel zaps a wand.
Your mind is blasted!
Casting: Magic Dart (safe; 1% risk of failure)
Confirm with . or Enter, or press ? or * to list all spells.
A shadowy apparition takes form in the air.
Pikel zaps a wand.
Your mind is blasted!
Ouch! That really hurt!
Aiming: Magic Dart (safe; 1% risk of failure)
Press: ? - help, Q - select action, (/) - cycle Shift-Dir - straight line, f - Pikel
Aim: Pikel, wielding a +1 whip of freezing, wearing a +0 robe and carrying a wand of mindburst (8) (100% to hit)
The magic dart hits Pikel.
Pikel is lightly wounded.
Your shadow imp hits Pikel.
Aiming: Magic Dart (safe; 1% risk of failure)
Press: ? - help, Q - select action, (/) - cycle Shift-Dir - straight line, f/p - Pikel
Aim: Pikel, wielding a +1 whip of freezing, wearing a +0 robe and carrying a wand of mindburst (8) (lightly wounded, ally target, 100% to hit)
The magic dart hits Pikel.
Pikel is lightly wounded.
You are too injured to fight recklessly!
Fire: 108 stones
Press: ? - help, Q - select action, (/) - cycle Shift-Dir - straight line, f/p - Pikel
Aim: Pikel, wielding a +1 whip of freezing, wearing a +0 robe and carrying a wand of mindburst (8) (lightly wounded, ally target, 60% to hit)
You shoot a stone. The stone closely misses Pikel.
Pikel zaps a wand.
Your mind is blasted!
You die...

####..####.#.......#
#.....##...(..#.# ##
#.######....(##.5......#
................K.#...##
... #.######.............##
...# #.#.............####.#
...# #.#.#..............#.#
...###.#.....)......###..>.
................@...# #...
...###..............# .
...##..#...........##
.........##........#
##..#..)####.####...
...##.#.# #.# #.###
#.....#.# ... ... ..#####.#
. . .. .## ..


You could see Pikel (ally target) and a friendly shadow imp (summoned).

Vanquished Creatures
  Edmund (D:5)
  An ogre (D:5)
  A phantom (D:4)
  Blork the orc (D:5)
  A scorpion (D:5)
  2 bullfrog skeletons
  An orc priest (D:3)
  2 centaur skeletons (D:5)
  Crazy Yiuf (D:3)
  4 hounds
  Ijyb (D:4)
  Natasha (thrice) (D:4)
  Terence (D:2)
  An iguana (D:5)
  A howler monkey skeleton (D:6)
  An adder (D:3)
  3 worms
  6 dart slugs
  14 orcs
  4 endoplasms
  3 giant cockroaches
  8 goblins
  12 hobgoblins
  6 jackals
  5 ball pythons
  3 bats
  4 frilled lizards (D:2)
  4 kobolds
  8 rats
103 creatures vanquished.

Vanquished Creatures (collateral kills)
  A sky beast (D:6)
  A bullfrog (D:4)
  An adder (D:4)
  A goblin (D:4)
4 creatures vanquished.

Vanquished Creatures (others)
  2 fungi (D:3)
  2 withered plants (D:5)
4 creatures vanquished.

Grand Total: 111 creatures vanquished

Notes
Turn   | Place    | Note
-------+----------+-------------------------------------------
     0 | D:1      | siradein the Deep Elf Hedge Wizard began the quest for the
                  | Orb.
     0 | D:1      | Reached XP level 1. HP: 10/10 MP: 7/7
   368 | D:1      | Reached XP level 2. HP: 15/15 MP: 0/9
  1081 | D:1      | Learned a level 2 spell: Blink
  1084 | D:1      | Learned a level 2 spell: Call Imp
  1093 | D:2      | Found a hazy altar of Hepliaklqana.
  1261 | D:2      | Found a faded altar of an unknown god.
  1621 | D:2      | Reached XP level 3. HP: 19/19 MP: 3/11
  1715 | D:2      | Learned a level 3 spell: Conjure Flame
  1719 | D:2      | Learned a level 3 spell: Mephitic Cloud
  1911 | D:2      | Identified the +7 hunting sling of Qagi {vorpal, Contam
                  | rPois rN++ Int+3}
  2410 | D:3      | Found Racun's Armour Emporium.
  2418 | D:3      | Noticed Terence
  2566 | D:3      | Found a basalt altar of Yredelemnul.
  2584 | D:3      | Reached skill level 5 in Spellcasting
  2584 | D:3      | Reached XP level 4. HP: 20/24 MP: 1/13
  3048 | D:2      | Killed Terence
  3263 | D:3      | Reached XP level 5. HP: 22/28 MP: 7/14
  3595 | D:3      | Found Qile's Book Boutique.
  4065 | D:3      | Found a runed translucent door.
  4066 | D:3      | Noticed Crazy Yiuf
  4192 | D:3      | Killed Crazy Yiuf
  4415 | D:4      | Noticed Ijyb
  4668 | D:4      | Killed Ijyb
  4850 | D:4      | Noticed Natasha
  4853 | D:4      | Killed Natasha
  5150 | D:4      | Reached XP level 6. HP: 32/32 MP: 10/16
  5203 | D:4      | Noticed Natasha
  5209 | D:4      | Killed Natasha
  5307 | D:4      | Reached skill level 6 in Spellcasting
  5425 | D:4      | Found a glowing silver altar of Zin.
  5647 | D:4      | Noticed Natasha
  5653 | D:4      | Killed Natasha
  5765 | D:4      | Reached XP level 7. HP: 36/36 MP: 18/18
  6049 | D:5      | Entered Level 5 of the Dungeon
  6154 | D:5      | Found Fuxtawk's Weapon Shoppe.
  6225 | D:5      | Found a runed translucent door.
  6225 | D:5      | Noticed dolemite99's ghost (novice DsBe)
  6337 | D:5      | Reached skill level 7 in Spellcasting
  6423 | D:5      | Noticed Edmund
  6460 | D:5      | Killed Edmund
  6461 | D:5      | Reached skill level 5 in Translocations
  6562 | D:5      | Reached skill level 5 in Conjurations
  6576 | D:5      | Noticed Blork the orc
  6591 | D:5      | Killed Blork the orc
  6592 | D:5      | Reached skill level 5 in Summonings
  6592 | D:5      | Reached XP level 8. HP: 24/41 MP: 18/21
  7170 | D:6      | Noticed Pikel
  7182 | D:6      | Blown up by Pikel

Illustrated notes

Levels and vault maps discovered:
D:1:      dpeg_arrival_stonehenge_12_columns, layout_basic
D:2:      layout_rooms, basic_altar, serial_glass, glass_columns_a,
          glass_columns_c, glass_columns_b, glass_columns_c, glass_columns_c,
          due_unseen_surprise, feat_on_display, minmay_strange_pillars,
          ebering_ecumenical_altar_ruins, minmay_door_square,
          chequers_decorated_corner
D:3:      layout_basic, nicolae_overflow_crystal_walls, serial_shops, shop,
          nicolae_shop_hallway_stairs, hangedman_decor_peaks_small,
          uniq_terence, uniq_crazy_yiuf_cottage
D:4:      layout_basic, mainiacjoe_overflow_alcove_1, uniq_natasha, uniq_ijyb
D:5:      layout_cave_pools, serial_shops, shop, gammafunk_ghost_grave,
          glass_columns_b, uniq_edmund, uniq_blork_the_orc
D:6:      layout_rooms, minmay_temple_entry_enclosed_plants,
          grunt_decor_arrowhead, uniq_pikel

Skill      XL: |  1  2  3  4  5  6  7 |
---------------+----------------------+-----
Conjurations   | 2 3 4 5 |  5.2
Summonings     | 2 3 4 5 |  5.2
Translocations | 2 3 4 5 |  5.3
Spellcasting   | 5 6 7 |  7.6
Dodging        | |  2.4
Stealth        | |  2.4

Action                   |  1- 3 |  4- 6 |  7- 9 || total
-------------------------+-------+-------+-------++-------
 Fire: Hunting sling     |    10 |    63 |    46 ||   119
 Cast: Magic Dart        |   111 |    92 |    29 ||   232
       Call Imp          |     2 |    12 |     7 ||    21
       Blink             |       |     6 |     5 ||    11
  Use: Scroll            |       |     3 |     1 ||     4
Armor: Robe              |     4 |     5 |       ||     9
       Leather armour    |       |    10 |     8 ||    18
Dodge: Dodged            |    14 |    42 |    11 ||    67

Table legend: (Time is in decaauts)
 A = Elapsed time spent in this place.
 B = Non-inter-level travel time spent in this place.
 C = Inter-level travel time spent in this place.
 D = Time resting spent in this place.
 E = Time spent auto-exploring this place.
 F = Levels seen in this place.
 G = Mean time per level.
                   A        B        C        D        E       F      G
               +--------+--------+--------+--------+--------+-----+--------+
         Total |   7213 |   7055 |    158 |    583 |   5147 |   6 | 1202.2 |
       Dungeon |   7213 |   7055 |    158 |    583 |   5147 |   6 | 1202.2 |
               +--------+--------+--------+--------+--------+-----+--------+

Top non-repeatable levels by time:
     D:2: 1850 daAuts
     D:3: 1577 daAuts
     D:4: 1476 daAuts
     D:1: 1166 daAuts
     D:5: 982 daAuts
     D:6: 159 daAuts
